 Dungeon Crawl Stone Soup version 0.31.0-11-ge490571c62 (webtiles) character file.

Game seed: 6901344512542948906

39 Gadfly the Ruffian (level 3, 0/26 HPs)
             Began as a Demonspawn Shapeshifter on Jan 27, 2024.
             Slain by a kobold
             ... wielding a +0 dagger
              (3 damage)
             ... on level 1 of the Dungeon.
             The game lasted 00:02:09 (1016 turns).

Gadfly the Ruffian (Demonspawn Shapeshifter)        Turns: 1016, Time: 00:02:10

Health: 0/26       AC:  2    Str: 16    XL:     3   Next: 28%
Magic:  3/3        EV: 12    Int: 10    God:
Gold:   58         SH:  4    Dex: 12    Spells: 2/2 levels left

rFire   . .          .
                       - Unarmed
rCold   . . .        (no shield)
rNeg    . . .        a - +0 animal skin
rPois   .            (helmet currently unavailable)
rElec   .            (cloak currently unavailable)
rCorr   .            f - melded +0 pair of gloves
SInv    .            (boots currently unavailable)
Will    .....        (no amulet)
Stlth   +            (no ring)
HPRegen 0.24/turn    (no ring)
MPRegen 0.08/turn

%: no passive effects
@: beast-form
A: beast (slay +1), antennae 1, large bone plates 1
a: Begin Untransformation


You were on level 1 of the Dungeon.
You were a hulking beast.
You visited 1 branch of the dungeon, and saw 2 of its levels.

You collected 58 gold pieces.

Inventory:

Missiles
 g - a throwing net (quivered)
Armour
 a - a +0 animal skin (worn)
 f - a +0 pair of gloves (melded)
Talismans
 c - a beast talisman (active)
 d - a flux talisman
Potions
 b - a potion of lignification
 e - a potion of might {unknown}
 i - a potion of invisibility {unknown}


   Skills:
 + Level 1.5 Fighting
 * Level 2.3 Dodging
 + Level 2.9 Unarmed Combat
 * Level 1.3 Evocations
 + Level 2.8 Shapeshifting


You had 2 spell levels left.
You didn't know any spells.
Your spell library was empty.

Dungeon Overview and Level Annotations

Branches:
Dungeon (2/15)

Altars:


Innate Abilities, Weirdness & Mutations

You are a hulking beast.
Your limbs bulge with bestial killing power. (Slay +1)
You have a pair of small antennae on your head.
You are partially covered in large bone plates. (SH +4)


Message History

You climb upwards.
There is a stone staircase leading down here.
You feel much better. The bat closely misses you.
The endoplasm closely misses you. The frilled lizard bites you.
The kobold hits you with a +0 dagger. The bat barely misses you.
You block the bat's attack.
The endoplasm attacks as it pursues you!
The endoplasm hits you.
You barely miss the bat. The bat hits you but does no damage.
The bat completely misses you. The bat barely misses you.
The endoplasm freezes you.
You are frozen.
You closely miss the bat. The bat barely misses you. The bat hits you.
The bat hits you but does no damage. The endoplasm completely misses you.
You miss the bat. The bat hits you but does no damage. x2
You block the bat's attack. The endoplasm freezes you.
You are frozen.
You hit the bat.
The bat is severely wounded.
The bat closely misses you. x2; The endoplasm hits you.
You hit the bat.
You kill the bat!
The endoplasm hits you.
You hit the endoplasm.
The endoplasm is severely wounded.
The endoplasm freezes you.
You are frozen.
* * * LOW HITPOINT WARNING * * *
You barely miss the endoplasm.
The endoplasm is severely wounded.
The endoplasm freezes you.
You are frozen.
* * * LOW HITPOINT WARNING * * *
You hit the endoplasm.
You kill the endoplasm!
You hit the kobold.
The kobold is severely wounded.
The kobold hits you with a +0 dagger.
You die...

.........#.##..####.#############
.##...##.#.##..####..............
..#...#..##.#..#.................
###...######...#.##.######.##.###
..##.....# ##....##.# #.##.#
.........# #.......# #.##.#
..###...## ##..#l#..# #.##.# ..#
##.#.###.#.#K#..# #.##.#
>.####....#....#h#..# #.##.###
...........#.###....# #.##....
..##########.# ###.## #.######
..##########.# #.# #.#
......)....#.# #.# #.######
.#########.#.#####.# #.##....
....>.# #.#.......# #.##.#..
#####.# #.######..## #....... #.#
#.# #...# ####.##.


You could see a kobold and a frilled lizard.

Vanquished Creatures
  A gnoll (D:1)
  An adder (D:2)
  3 bats (D:1)
  An endoplasm (D:1)
  5 hobgoblins (D:1)
  A quokka (D:1)
  2 ball pythons (D:1)
  2 kobolds (D:1)
  5 rats (D:1)
21 creatures vanquished.

Notes
Turn   | Place    | Note
-------+----------+-------------------------------------------
     0 | D:1      | Gadfly the Demonspawn Shapeshifter began the quest for the
                  | Orb.
     0 | D:1      | Reached XP level 1. HP: 15/15 MP: 1/1
   228 | D:1      | Gained mutation: You are partially covered in large bone
                  | plates. (SH +4) [demonic ancestry]
   228 | D:1      | Reached XP level 2. HP: 18/21 MP: 2/2
   314 | D:1      | Reached skill level 1 in Evocations
  1002 | D:2      | Gained mutation: You have a pair of small antennae on your
                  | head. [demonic ancestry]
  1002 | D:2      | Reached XP level 3. HP: 6/26 MP: 3/3
  1016 | D:1      | Slain by a kobold

Illustrated notes

Levels and vault maps discovered:
D:1:      onia_arrival_mini_spirals, layout_loops_ring, hangedman_decor_opposing
D:2:      minmay_evil_eye, layout_rooms, serial_bayou_pond_c

Skill      XL: |  1  2 |
---------------+-------+-----
Dodging        | 2 |  2.3
Evocations     | 1 |  1.3
Fighting       | |  1.5
Unarmed Combat | |  2.9
Shapeshifting  | |  2.8

Action                     || total
---------------------------++-------
  Melee: Unarmed           ||    90
         Punch             ||     1
Ability: Begin Untransform ||     1
    Use: Potion            ||     2
         Scroll            ||     1
 Armour: Animal skin       ||    56
  Dodge: Dodged            ||    65
  Block: Other             ||    14
   Form: Beast             ||     1
